Map: Caída cerúlea EE

Players

Marte

  • Race: Protoss Protoss
  • League: Diamond
  • Spawn Location: 1:00

RANURA de truco (Recursos) - Winner!

  • Race: Terran Terran
  • Spawn Location: 7:00

VOD

Have the link to the VOD?

Description

Time

  • Played on: Sept. 7, 2018, 11:12 p.m.
  • Length: 31:21
Show
View Real Time Build Order
Export as new Build Order

Marte Protoss 

Build Orders: 1 Gate Expand, Dark Templar Rush 

Get SALT Encoding   

  12  0:03  Probe  
  13  0:15  Probe  
  14  0:23  Pylon  
  14  0:27  Probe  
  15  0:41  Probe  
  16  0:44  Gateway  
  16  0:49  Probe, Assimilator  
  17  0:57  Probe  
  18  1:07  Probe  
  19  1:19  Probe  
  20  1:31  Probe  
  20  1:32  Nexus  
  21  1:45  Cybernetics Core  
  21  1:54  Pylon  
  21  1:58  Assimilator  
  22  2:01  Probe  
  22  2:09  Probe  
  22  2:14  Adept  
  23  2:16  Pylon  
  23  2:17  Probe  
  26  2:24  Warp Gate  
  26  2:27  Probe  
  27  2:40  Probe, Twilight Council  
  28  2:51  Gateway  
  28  2:52  Probe  
  28  2:54  Probe  
  30  2:58  Charge  
  30  3:04  Probe  
  30  3:05  Gateway  
  31  3:23  Dark Shrine  
  31  3:26  Probe, Pylon  
  33  3:27  Probe  
  33  3:32  Assimilator  
  33  3:37  Probe  
  33  3:39  Probe  
  35  3:45  Probe  
  35  3:51  Probe  
  35  3:54  Shield Battery  
  35  3:55  Probe  
  37  3:58  Pylon  
  38  4:03  Probe  
  38  4:07  Probe, Assimilator  
  40  4:10  Shadow Stride  
  40  4:15  Probe  
  41  4:18  Gateway  
  41  4:22  Gateway  
  41  4:29  Zealot  
  41  4:30  Zealot x2  
  47  4:38  Probe x2  
  49  4:50  Probe x2  
  51  4:54  Dark Templar x2  
  55  5:02  Probe  
  55  5:04  Nexus  
  56  5:09  Pylon  
  56  5:13  Probe  
  58  5:14  Probe  
  58  5:18  Dark Templar  
  60  5:25  Probe  
  60  5:26  Probe  
  62  5:39  Probe x2  
  64  5:51  Probe x2  
  64  5:52  Zealot, Dark Templar x2  
  64  5:53  Zealot x2  
  76  6:03  Forge  
  76  6:04  Forge  
  76  6:07  Stargate  
  76  6:08  Stargate  
  76  6:17  Probe x3  
  73  6:29  Probe x3  
  68  6:33  Protoss Ground Weapons Level 1, Protoss Ground Armor Level 1  
  68  6:35  Assimilator  
  68  6:36  Assimilator  
  68  6:38  Pylon  
  64  6:41  Probe x3  
  64  6:44  Dark Templar x2  
  64  6:45  Dark Templar x2  
  71  6:48  Dark Templar  
  73  7:00  Fleet Beacon  
  73  7:08  Probe x2  
  73  7:09  Probe  
  76  7:19  Zealot x4  
  76  7:20  Probe x2  
  76  7:21  Probe  
  87  7:23  Zealot  
  89  7:32  Probe  
  89  7:33  Probe  
  89  7:35  Mothership  
  91  7:48  Nexus  
  99  7:52  Assimilator  
  99  7:56  Assimilator  
  99  7:58  Pylon  
  99  8:06  Probe x2  
  99  8:12  Pylon x2  
  101  8:16  Carrier  
  101  8:18  Protoss Ground Weapons Level 2, Protoss Ground Armor Level 2, Probe  
  108  8:30  Carrier  
  114  8:39  Zealot x3  
  114  8:40  Zealot x2  
  124  9:07  Zealot x3  
  124  9:08  Zealot x2  
  93  9:26  Gateway x2  
  93  9:29  Zealot  
  93  9:30  Zealot x4  
  99  9:32  Carrier  
  99  9:45  Carrier  
  99  9:52  Dark Templar x4  
  107  9:55  Probe  
  107  9:56  Probe x3  
  107  9:57  Protoss Air Weapons Level 1  
  117  10:07  Pylon  
  117  10:08  Probe  
  118  10:14  Gateway  
  118  10:17  Probe x3, Gateway  
  118  10:20  Probe  
  122  10:25  Dark Templar x3  
  122  10:26  Protoss Ground Weapons Level 3, Nexus  
  122  10:28  Pylon  
  128  10:29  Probe x2  
  128  10:31  Protoss Ground Armor Level 3  
  130  10:55  Assimilator, Nexus  
  130  10:57  Carrier, Dark Templar x2  
  130  10:58  Pylon  
  130  10:59  Assimilator  
  130  11:00  Zealot x4  
  144  11:11  Carrier  
  130  11:26  Graviton Catapult  
  130  11:27  Zealot x5  
  140  11:50  Dark Templar x3  
  140  11:51  Zealot x5  
  140  11:52  Zealot  
  158  11:56  Protoss Air Weapons Level 2  
  158  11:57  Archon x2  
  158  12:05  Pylon  
  158  12:10  Probe  
  158  12:11  Probe x4  
  163  12:22  Dark Templar x2  
  167  12:23  Zealot x5  
  167  12:24  Zealot x2  
  181  12:30  Assimilator  
  181  12:31  Carrier  
  181  12:34  Assimilator  
  181  12:35  Pylon  
  181  12:37  Carrier, Pylon  
  187  12:42  Pylon  
  193  12:46  Zealot x3  
  199  13:04  Templar Archives  
  198  13:05  Pylon  
  196  13:13  Zealot x2  
  200  13:30  Psionic Storm  
  200  13:31  Pylon  
  200  13:32  Pylon  
  200  13:34  Photon Cannon  
  200  13:35  Photon Cannon  
  200  13:36  Pylon, Photon Cannon  
  200  13:38  Photon Cannon  
  170  14:00  Carrier  
  138  14:02  Carrier  
  130  14:10  High Templar x5  
  130  14:11  High Templar x4  
  142  14:31  Mothership  
  142  14:41  Pylon  
  142  14:42  Protoss Air Weapons Level 3  
  142  14:43  Pylon  
  142  14:44  Pylon, Zealot x5  
  142  14:45  Zealot x4  
  166  14:49  Photon Cannon x2  
  166  14:51  Photon Cannon  
  168  14:53  Photon Cannon  
  168  14:55  Cybernetics Core  
  168  15:07  Zealot  
  168  15:08  Zealot x7  
  168  15:09  Zealot  
  137  15:39  Zealot x6  
  137  15:40  Zealot x2  
  129  15:52  Dark Templar  
  127  15:58  Void Ray x2  
  127  16:01  Zealot  
  127  16:02  Zealot x6  
  145  16:14  Robotics Facility  
  131  16:34  High Templar x4  
  131  16:35  High Templar  
  137  16:41  Void Ray x2  
  137  16:43  Nexus  
  137  16:44  Assimilator  
  137  16:46  Assimilator, Pylon  
  145  16:49  Pylon  
  145  16:52  Zealot  
  147  17:00  Probe x5  
  152  17:03  Protoss Shields Level 1  
  152  17:09  Pylon  
  152  17:12  Probe  
  153  17:19  High Templar x2  
  153  17:20  High Templar x2, Zealot  
  153  17:21  Zealot x4  
  171  17:26  Probe  
  171  17:27  Probe x3  
  183  17:42  Carrier x2  
  187  17:45  Zealot x3  
  187  17:46  Zealot x2  
  198  18:13  Dark Templar  
  193  18:41  High Templar x3  
  194  18:44  Photon Cannon  
  194  18:45  Photon Cannon  
  196  18:59  Assimilator, Pylon  
  196  19:00  Pylon, Nexus  
  196  19:02  Pylon  
  196  19:03  Assimilator  
  196  19:07  Carrier  
  200  19:25  Photon Cannon  
  200  19:26  Photon Cannon  
  200  19:29  Photon Cannon  
  200  19:30  Photon Cannon  
  115  19:50  Zealot x4  
  107  20:12  Pylon  
  101  20:25  Zealot  
  101  20:26  Zealot x3  
  97  20:36  High Templar x3  
  97  20:44  Zealot  
  97  20:47  Archon  
  99  20:50  High Templar  
  99  20:51  High Templar x2  
  99  20:53  Zealot  
  99  20:55  Archon  
  99  20:56  Archon  
  107  21:00  Void Ray x2  
  115  21:09  Dark Templar x2  
  115  21:10  Dark Templar x2  
  122  21:20  Archon x2  
  122  21:24  Zealot x4  
  120  21:31  Nexus  
  108  21:42  Void Ray  
  108  21:43  Void Ray  
  110  21:49  Zealot x7  
  110  21:50  Zealot  
  110  21:52  Photon Cannon  
  126  22:04  Pylon  
  126  22:12  Observer, Zealot x4  
  134  22:16  Pylon  
  134  22:20  High Templar x4  
  130  22:25  Void Ray  
  130  22:26  Void Ray  
  130  22:28  Archon x2  
  130  22:35  Immortal  
  126  22:40  Zealot x2  
  126  22:41  Zealot x3  
  122  22:57  Zealot x2  
  126  23:03  High Templar x3  
  126  23:04  Zealot x4  
  114  23:14  Immortal  
  108  23:20  Zealot x2  
  110  23:27  Zealot x4  
  118  23:44  High Templar x4  
  118  23:46  Zealot  
  118  23:47  Nexus  
  128  23:49  Pylon  
  128  23:50  Pylon  
  128  23:51  Assimilator  
  128  23:52  Assimilator  
  128  23:53  Immortal, Pylon  
  132  24:02  Zealot x2  
  134  24:03  Zealot x2  
  135  24:13  Zealot  
  84  24:29  Zealot x2  
  84  24:30  Zealot x5  
  84  24:31  Zealot  
  73  24:50  Zealot x5  
  73  24:51  Zealot x3  
  75  25:00  Dark Templar  
  61  25:15  Zealot x6  
  61  25:16  Zealot  
  61  25:17  Zealot  
  61  25:40  Stalker x6  
  61  25:41  Stalker  
  75  25:55  Zealot x2  
  79  26:09  Zealot x3  
  79  26:10  Zealot x2  
  89  26:34  High Templar x2  
  89  26:35  High Templar x2  
  89  26:36  Zealot x4  
  89  26:37  Zealot  
  95  26:41  Archon  
  95  26:42  Archon  
  69  27:01  Zealot x5  
  67  27:08  Observer  
  73  27:14  High Templar  
  73  27:15  High Templar x2  
  79  27:19  High Templar  
  79  27:21  Archon  
  81  27:23  Archon  
  81  27:26  Zealot  
  83  27:35  Zealot x2  
  83  27:36  Zealot x2  
  75  27:49  Zealot x4  
  83  27:54  High Templar  
  85  28:06  Zealot x3  
  91  28:16  Stalker x5  
  99  28:29  High Templar x2  
  99  28:30  Zealot x2  
  107  28:43  Zealot x4  
  115  29:00  High Templar x2  
  119  29:03  Zealot x2  
  119  29:04  Zealot x2  
  109  29:23  Zealot x3  
  88  29:31  Observer  
  83  29:36  Zealot x5  
  65  30:08  Zealot x3  
  65  30:09  Zealot x3  
  65  30:10  Zealot x3  
  40  30:30  Dark Templar x2  
  40  30:31  Dark Templar x2  
  40  30:35  Dark Templar x4  
  46  30:36  Dark Templar  
  38  30:56  Zealot x2  
Show
View Real Time Build Order
Export as new Build Order

RANURA de truco (Recursos) Terran - Winner!

Build Orders: MMM Bio 

Get SALT Encoding   

  12  0:00  SCV  
  13  0:13  SCV  
  14  0:19  Supply Depot  
  14  0:25  SCV  
  15  0:41  SCV  
  16  0:44  Barracks  
  16  0:53  SCV  
  17  1:05  SCV  
  18  1:17  Supply Depot, SCV  
  19  1:22  Refinery  
  19  1:29  SCV  
  19  1:31  Marine  
  21  1:41  SCV  
  22  1:49  Marine  
  22  1:50  Barracks  
  22  1:53  SCV  
  24  1:55  Refinery  
  24  2:00  Supply Depot  
  24  2:05  SCV  
  24  2:07  Marine  
  26  2:18  SCV  
  27  2:23  Factory  
  27  2:24  Marine  
  28  2:30  SCV  
  29  2:37  Marine  
  29  2:42  SCV, Marine  
  32  2:54  SCV  
  32  2:55  Marine  
  34  3:00  Marine  
  34  3:03  Barracks  
  35  3:06  SCV  
  36  3:13  Marine  
  36  3:15  Factory Tech Lab  
  36  3:18  SCV  
  36  3:19  Barracks Tech Lab  
  38  3:28  Engineering Bay  
  38  3:30  SCV  
  38  3:32  Supply Depot, Barracks Tech Lab  
  39  3:53  SCV  
  40  3:55  Starport  
  40  3:58  Missile Turret  
  40  3:59  Missile Turret  
  40  4:05  SCV  
  40  4:09  Marine  
  42  4:12  Marine  
  43  4:17  Stimpack  
  43  4:18  SCV  
  44  4:30  SCV  
  45  4:33  Starport Tech Lab  
  45  4:37  Combat Shield  
  45  4:42  Supply Depot, SCV  
  46  4:54  Orbital Command  
  46  5:01  Command Center  
  46  5:03  Marauder, Raven, Marine  
  46  5:05  Supply Depot  
  51  5:12  Terran Infantry Weapons Level 1  
  51  5:21  Marauder  
  51  5:24  Engineering Bay  
  51  5:25  Marauder  
  55  5:31  Supply Depot  
  55  5:36  Barracks Reactor  
  57  5:43  Marauder  
  57  5:46  Marine, Medivac  
  57  5:49  Terran Infantry Armor Level 1  
  60  5:55  Supply Depot  
  60  6:04  Marauder, Marine  
  63  6:12  Marine  
  63  6:14  SCV  
  63  6:15  Barracks  
  63  6:16  SCV, Medivac  
  68  6:22  Marauder  
  69  6:25  Marauder  
  69  6:26  SCV, Marine  
  69  6:28  SCV  
  69  6:30  Marine  
  57  6:38  SCV  
  55  6:40  SCV  
  55  6:43  Marine  
  55  6:44  Marine  
  58  6:47  Marauder  
  58  6:48  Marine  
  58  6:49  Refinery  
  58  6:50  SCV  
  58  6:52  SCV  
  61  7:00  Missile Turret  
  61  7:01  Marine  
  62  7:02  SCV, Marine x2  
  62  7:05  Command Center  
  62  7:06  Marine  
  68  7:08  Marauder  
  68  7:09  Orbital Command  
  68  7:18  SCV  
  68  7:19  Marauder  
  68  7:20  Marine  
  68  7:22  Marine  
  75  7:30  Marauder, SCV  
  75  7:32  Marine  
  77  7:39  Missile Turret  
  77  7:40  Marine  
  77  7:42  Marine  
  77  7:43  Supply Depot, Marine  
  82  7:51  Marauder  
  82  7:52  Armory  
  84  7:58  Marauder  
  84  8:01  Concussive Shells  
  84  8:03  Medivac  
  86  8:08  Supply Depot  
  86  8:11  Marine  
  86  8:12  Marauder  
  89  8:13  Marine  
  89  8:18  SCV x2  
  89  8:19  Marauder  
  94  8:20  SCV  
  95  8:30  SCV  
  95  8:31  SCV  
  95  8:32  SCV  
  95  8:33  Medivac  
  95  8:34  Marauder  
  102  8:39  Terran Infantry Weapons Level 2  
  102  8:41  Marauder  
  104  8:42  SCV  
  104  8:43  SCV  
  104  8:44  SCV  
  104  8:46  Missile Turret  
  107  8:50  Marine  
  107  8:52  Missile Turret, Marine  
  107  8:54  Supply Depot, SCV  
  107  8:55  Marauder, SCV  
  113  8:56  SCV  
  113  8:57  Command Center  
  113  9:02  Marauder  
  116  9:06  SCV  
  116  9:07  SCV  
  116  9:09  SCV  
  114  9:11  Marine  
  114  9:13  Marine  
  114  9:14  Marine  
  114  9:16  Marauder  
  101  9:18  SCV  
  101  9:19  Viking  
  101  9:22  Orbital Command  
  101  9:23  Marine  
  104  9:26  Missile Turret  
  104  9:29  Marine  
  104  9:31  Marine  
  106  9:32  Factory  
  106  9:33  Marine  
  106  9:38  Marauder, Supply Depot  
  108  9:41  Marine  
  108  9:42  Starport  
  107  9:45  High Capacity Fuel Tanks  
  107  9:46  Armory  
  107  9:47  Hi-Sec Auto Tracking, Marine  
  107  9:48  Marine  
  107  9:49  Refinery, Raven  
  107  9:51  Refinery, Marine  
  112  9:53  Refinery  
  112  9:59  Marauder, Marine  
  115  10:05  Marine  
  115  10:06  Marine  
  117  10:08  Marine  
  117  10:09  Planetary Fortress, SCV x2  
  117  10:10  Supply Depot, SCV  
  121  10:17  Marauder  
  121  10:18  Viking  
  121  10:20  Refinery, Marine  
  126  10:21  SCV  
  126  10:22  Marine  
  126  10:23  Missile Turret, SCV x2  
  126  10:25  Missile Turret  
  126  10:26  Command Center  
  126  10:27  Refinery, Factory Tech Lab  
  130  10:32  Viking  
  130  10:33  SCV  
  130  10:35  SCV  
  134  10:38  Marauder  
  134  10:40  Marauder, Barracks Tech Lab, Barracks  
  138  10:44  Structure Armor  
  138  10:45  Supply Depot  
  138  10:48  Viking  
  140  10:51  Marine  
  140  10:52  Ghost Academy, Marine  
  142  10:59  Marine  
  142  11:00  Terran Infantry Weapons Level 3, Marine  
  142  11:01  Marauder, Viking  
  148  11:09  Marine  
  148  11:10  Supply Depot  
  148  11:13  Marine  
  148  11:14  Missile Turret  
  148  11:18  Marauder x2  
  149  11:20  Viking  
  149  11:23  Marauder  
  151  11:27  Marine  
  151  11:28  Missile Turret, Marine  
  151  11:30  Missile Turret  
  151  11:31  Marine, Viking  
  154  11:35  Supply Depot  
  154  11:38  Planetary Fortress  
  154  11:39  Marauder, Ghost  
  158  11:42  Missile Turret  
  158  11:44  Marine  
  158  11:46  Missile Turret  
  159  11:48  Missile Turret  
  159  11:49  Siege Tank x2  
  159  11:50  Medivac  
  163  12:01  Viking, Marine x2, Ghost  
  164  12:02  Marine  
  164  12:03  Marine  
  164  12:07  Command Center  
  164  12:08  Marine  
  172  12:18  Missile Turret  
  172  12:19  Marauder, Marine  
  172  12:20  Marine, Viking  
  172  12:21  Siege Tank, Cyclone, Marine  
  185  12:25  Marine  
  186  12:30  Ghost  
  186  12:31  Viking  
  190  12:43  Refinery  
  184  12:46  Refinery  
  184  12:49  Marine x2  
  184  12:51  Marauder, Starport Reactor, Marine  
  182  12:52  Marine  
  182  12:53  Cyclone  
  182  12:54  Widow Mine  
  173  12:59  Marauder  
  173  13:01  Viking  
  174  13:07  Marauder, Marine  
  174  13:09  Marine  
  174  13:12  Marauder  
  180  13:15  Widow Mine  
  182  13:20  Planetary Fortress, Ghost  
  182  13:25  Siege Tank  
  182  13:26  Missile Turret  
  182  13:27  Medivac, Viking  
  187  13:30  Personal Cloaking  
  187  13:31  Missile Turret, Viking  
  187  13:33  Terran Ship Weapons Level 1  
  189  13:34  Missile Turret  
  189  13:39  Terran Infantry Armor Level 2  
  189  13:40  Liberator  
  189  13:41  Terran Vehicle And Ship Armor Level 1  
  189  13:52  Marauder x2  
  189  13:53  Marauder  
  180  13:56  Siege Tank  
  180  13:57  Siege Tank, Medivac  
  180  13:59  SCV  
  180  14:00  SCV  
  180  14:01  Missile Turret, Viking  
  173  14:03  Marine x3  
  160  14:12  Marine  
  160  14:13  Marauder  
  160  14:14  Marine  
  160  14:21  Marine x3  
  163  14:27  Medivac  
  163  14:28  Siege Tank  
  163  14:30  Widow Mine  
  163  14:31  Marauder, Viking  
  172  14:32  Ghost  
  172  14:34  Marauder  
  178  14:38  Marine  
  178  14:39  Marine  
  178  14:40  Viking  
  182  14:51  Widow Mine  
  182  14:52  Marauder  
  186  14:55  Ghost  
  186  14:56  Nuke, Viking  
  190  15:00  Siege Tank, Ghost  
  190  15:01  Viking  
  197  15:10  Viking  
  197  15:13  Ghost  
  195  15:23  Ghost  
  195  15:26  Medivac  
  195  15:27  Terran Vehicle Weapons Level 1  
  190  15:29  Marauder  
  190  15:31  Raven  
  190  15:34  Marine x3  
  186  15:39  Widow Mine  
  186  15:40  Viking  
  186  15:41  Cyclone, Ghost  
  167  15:43  Fusion Core  
  155  15:51  Marauder, Marine  
  155  15:52  Marine  
  155  15:53  Marine x2  
  155  15:56  Medivac  
  146  16:00  Cyclone  
  132  16:05  Refinery  
  132  16:09  Viking  
  132  16:10  Marine  
  132  16:11  Marauder, Marine x3  
  136  16:12  Marauder  
  136  16:13  Widow Mine  
  136  16:14  Viking  
  134  16:22  Command Center  
  123  16:26  Viking  
  123  16:27  Nuke  
  123  16:28  Marauder  
  123  16:29  Marine  
  123  16:31  Marine x2  
  123  16:32  Marauder  
  132  16:33  Siege Tank, Ghost  
  132  16:34  Cyclone  
  132  16:39  Liberator, Viking  
  142  16:44  Battlecruiser  
  142  16:46  Marine  
  147  16:49  Marine x2  
  147  16:50  Marauder  
  147  16:53  Marauder  
  156  17:02  Marauder  
  156  17:04  Marine  
  156  17:05  Siege Tank  
  156  17:06  Widow Mine  
  164  17:09  Viking  
  164  17:11  Marauder  
  164  17:14  Refinery  
  164  17:15  Marauder  
  170  17:24  Marauder  
  170  17:28  Cyclone  
  175  17:37  Widow Mine  
  175  17:39  Medivac, Viking  
  175  17:43  Planetary Fortress  
  175  17:44  Refinery  
  181  17:46  Missile Turret  
  181  17:47  Terran Infantry Armor Level 3  
  181  17:48  Raven, Terran Vehicle And Ship Armor Level 2  
  183  17:51  Terran Ship Weapons Level 2  
  183  17:56  Missile Turret  
  183  17:58  Marauder x2  
  187  17:59  Nuke, Missile Turret  
  187  18:04  Marauder  
  187  18:05  Refinery  
  189  18:09  Viking, Medivac  
  191  18:18  Ghost  
  191  18:19  Marauder  
  195  18:26  Marauder  
  197  18:31  Medivac  
  199  19:06  Marauder  
  199  19:07  SCV  
  199  19:09  SCV  
  198  19:10  SCV  
  198  19:11  SCV  
  198  19:13  Infernal Pre-Igniter, Ghost  
  200  19:20  SCV  
  200  19:26  SCV x2, Hellion  
  200  19:27  Nuke, SCV, Hellion  
  200  19:29  Marauder x2, Raven  
  184  19:31  Marine  
  184  19:32  SCV  
  184  19:33  Marine  
  184  19:34  Viking x2  
  184  19:35  Marine  
  161  19:39  Factory  
  161  19:42  Marauder  
  149  19:47  Siege Tank, Liberator  
  149  19:49  Marine, Hellion  
  149  19:50  Marauder, Marine  
  149  19:52  Marine  
  131  19:53  SCV, Marine  
  131  19:56  SCV  
  114  20:02  SCV x2  
  114  20:03  SCV x2, Ghost  
  114  20:04  Medivac  
  114  20:06  SCV  
  117  20:08  Ghost  
  117  20:09  SCV  
  117  20:10  Cyclone  
  117  20:11  Marauder, Marine x2  
  117  20:12  Marine, Battlecruiser  
  128  20:18  SCV x2  
  128  20:19  Cyclone, SCV  
  130  20:24  Hellion  
  132  20:29  Marine  
  132  20:31  Marine x2  
  132  20:32  Marauder  
  132  20:33  Marauder  
  132  20:34  Medivac  
  141  20:37  Marine  
  141  20:38  Missile Turret  
  141  20:42  Hellion  
  144  20:45  Widow Mine  
  144  20:47  Command Center, Liberator, Marine, Viking  
  144  20:48  Marine  
  144  20:49  Marine  
  151  20:51  Thor, Factory  
  151  20:52  Ghost  
  151  20:53  Missile Turret  
  151  20:54  Marauder  
  151  20:55  Marauder  
  163  21:03  Cyclone  
  166  21:04  Missile Turret, Marine  
  166  21:06  Widow Mine  
  172  21:13  Refinery  
  172  21:16  Marauder x2, Medivac  
  172  21:17  Medivac  
  180  21:22  Marauder  
  180  21:25  Refinery  
  172  21:27  Missile Turret  
  172  21:28  Hellion  
  172  21:30  Marine  
  172  21:31  Marine x2  
  151  21:35  Siege Tank, Factory Tech Lab, Hellion  
  151  21:37  Marauder, Marine  
  143  21:42  Ghost  
  143  21:46  Battlecruiser  
  143  21:47  Viking x2  
  138  21:48  Marine  
  138  21:49  Cyclone, Marine x2  
  138  21:52  Missile Turret  
  138  21:54  Hellion  
  144  21:56  Marauder, SCV, Hellion  
  144  21:57  Ghost  
  149  22:06  SCV  
  149  22:08  Widow Mine  
  152  22:11  SCV  
  152  22:12  Marauder  
  152  22:15  Siege Tank  
  157  22:17  Marauder, Siege Tank, Viking x2  
  157  22:18  Missile Turret  
  157  22:21  Widow Mine  
  160  22:23  Marine  
  160  22:27  Marauder  
  160  22:29  Siege Tank  
  144  22:30  SCV  
  144  22:31  Marine  
  144  22:32  Marine, Ghost  
  140  22:38  Marauder  
  140  22:41  Marine  
  140  22:43  Widow Mine  
  139  22:46  Thor, Medivac  
  139  22:47  Viking  
  139  22:48  Marauder  
  139  22:49  Thor, Marine  
  139  22:50  Marine, Viking  
  156  22:59  Missile Turret, Ghost  
  156  23:01  Siege Tank  
  156  23:02  Marauder  
  156  23:04  Marine, Hellion  
  152  23:07  Marine  
  152  23:09  Ghost  
  152  23:11  Marine  
  146  23:16  Medivac  
  146  23:17  Viking  
  148  23:20  Battlecruiser  
  148  23:22  Marine  
  148  23:23  Marauder  
  148  23:25  Missile Turret, Widow Mine  
  159  23:28  Marauder, Command Center  
  159  23:30  Liberator, Hellion  
  159  23:32  Missile Turret, Cyclone  
  159  23:33  Siege Tank  
  169  23:38  Marauder  
  171  23:44  Marauder  
  171  23:46  Medivac  
  171  23:47  Hellion  
  180  23:51  Thor  
  186  24:16  Viking  
  186  24:19  Marine x2  
  186  24:20  Marauder, Hellion  
  186  24:21  Marauder  
  186  24:23  Marine  
  182  24:24  Battlecruiser  
  182  24:25  Marine  
  182  24:30  Medivac  
  182  24:35  Hellion  
  182  24:37  Marauder  
  177  24:39  Marine  
  177  24:40  Planetary Fortress  
  177  24:41  Marauder, Marine  
  177  24:42  Marauder  
  177  24:43  Marine  
  174  24:46  Viking  
  174  24:47  Command Center  
  173  24:57  Siege Tank, Marine, Hellion  
  173  24:58  Siege Tank  
  173  24:59  Marauder  
  174  25:00  Viking  
  174  25:02  Hellion  
  174  25:03  Marauder  
  174  25:04  Marauder  
  160  25:12  Liberator  
  160  25:13  Marine x2  
  153  25:15  Marine  
  153  25:16  Medivac  
  153  25:18  Thor  
  153  25:20  Marauder  
  154  25:23  Marine  
  154  25:24  Hellion  
  154  25:25  Marauder  
  153  25:28  Medivac  
  153  25:29  Cyclone, Liberator  
  153  25:31  Hellion  
  153  25:33  Marine  
  161  25:41  Marauder  
  161  25:42  Marauder  
  165  25:45  Widow Mine  
  165  25:46  Marauder  
  172  25:52  Siege Tank  
  175  25:59  Battlecruiser  
  175  26:01  Siege Tank, Thor  
  175  26:02  Ghost  
  175  26:03  Marauder, Refinery  
  194  26:06  Missile Turret, Widow Mine  
  194  26:07  Terran Vehicle Weapons Level 2  
  194  26:08  Marauder  
  194  26:09  Weapon Refit  
  194  26:11  Command Center  
  198  26:12  Terran Vehicle And Ship Armor Level 3  
  196  26:23  SCV x4  
  196  26:25  Marauder  
  198  26:31  Missile Turret  
  198  26:39  SCV  
  196  26:40  SCV  
  196  26:42  Missile Turret  
  196  26:44  Medivac  
  196  26:45  Marauder x2  
  196  26:46  Marauder  
  194  26:52  Marine, Hellion  
  194  26:53  Missile Turret  
  194  26:54  Marine  
  175  27:01  Command Center, Hellion  
  175  27:02  Siege Tank, Raven, Marine  
  175  27:05  Ghost  
  175  27:06  Marauder, Ghost  
  186  27:09  Refinery  
  186  27:21  Refinery  
  186  27:27  Ghost  
  187  27:31  Planetary Fortress  
  187  27:32  Refinery  
  187  27:33  Missile Turret  
  186  27:40  SCV x2  
  186  27:46  Battlecruiser  
  186  27:47  Missile Turret  
  192  27:51  Missile Turret  
  192  28:02  Refinery  
  192  28:03  Refinery  
  188  28:23  SCV x2, Hellion  
  188  28:25  Terran Vehicle Weapons Level 3  
  188  28:27  Marauder x3, Command Center  
  198  28:35  Missile Turret  
  198  28:45  Refinery  
  200  28:48  Marauder  
  200  28:50  Raven  
  199  29:03  Ghost  
  199  29:07  Missile Turret  
  200  29:10  SCV  
  200  29:11  Marauder, SCV x2, Liberator  
  200  29:12  Hellion  
  200  29:13  Marauder, Marine  
  200  29:14  Marine  
  200  29:15  Marine  
  183  29:19  SCV x2  
  183  29:20  Hellion  
  172  29:24  Hellion  
  172  29:25  Siege Tank  
  172  29:27  SCV x2  
  172  29:28  Viking  
  172  29:30  Marine  
  172  29:31  SCV  
  168  29:32  Command Center, Ghost x2  
  168  29:33  Widow Mine, Battlecruiser  
  168  29:34  Marauder  
  173  29:40  SCV  
  173  29:41  Cyclone  
  173  29:46  Hellion  
  173  29:48  Refinery, SCV, Marine  
  173  29:49  Marine  
  173  29:50  SCV x2  
  170  29:54  Siege Tank, Marine  
  170  29:56  Marauder  
  170  29:57  SCV  
  170  29:58  Viking, Hellion  
  170  30:00  Ghost  
  170  30:01  Marauder  
  170  30:06  Missile Turret, SCV, Marine  
  174  30:07  Hellion  
  174  30:11  Medivac  
  174  30:14  Marine  
  174  30:16  Marine  
  174  30:17  Marauder  
  174  30:18  Hellion  
  175  30:23  Marauder, Missile Turret  
  175  30:25  Hellion  
  176  30:30  Marauder  
  178  30:37  Raven  
  178  30:38  Marauder  
  178  30:41  Missile Turret  
  182  30:44  Marauder  
  184  30:51  Marauder  
  184  30:54  Command Center  
  186  31:00  Marauder  
  186  31:03  Missile Turret  
Tags
 
Add a new tag
Caveats
  • Supply blocks, unpowered buildings, or Contaminate may cause inaccurate times.
  • Supply counts are checked every 10 seconds.